 Dungeon Crawl Stone Soup version 0.31-a0-263-ge8cad7f256 (webtiles) character file.

Game seed: 15369846930718152874

518 chunkyMonkey the Shield-Bearer (level 6, -3/52 HPs)
             Began as a Demigod Fighter on July 13, 2023.
             Slain by Edmund
             ... wielding a +4 flail of protection
              (7 damage)
             ... on level 4 of the Dungeon.
             The game lasted 00:07:20 (4208 turns).

chunkyMonkey the Shield-Bearer (Demigod Fighter)    Turns: 4208, Time: 00:07:21

Health: -3/52      AC:  8    Str: 21    XL:     6   Next: 68%
Magic:  8/8        EV:  9    Int: 10    God:
Gold:   181        SH:  5    Dex: 17    Spells: 5/5 levels left

rFire   . . .        a - +0 long sword (flame)
rCold   . . .        c - +0 buckler
rNeg    . . .        b - +0 scale mail
rPois   .            (no helmet)
rElec   .            (no cloak)
rCorr   .            (no gloves)
SInv    .            g - +0 pair of boots {rampage}
Will    .....        (no amulet) Stlth
                     (no ring)
HPRegen 0.28/turn    (no ring)
MPRegen 0.11/turn

%: rampage
@: about to teleport
A: high MP 1, forlorn, divine attributes
a: no special abilities


You were on level 4 of the Dungeon.
You visited 1 branch of the dungeon, and saw 5 of its levels.

You collected 181 gold pieces.

Inventory:

Hand Weapons
 a - a +0 long sword of flaming (weapon)
 u - a +2 hammer of holy wrath
 v - a +2 hammer of pain
Armour
 b - a +0 scale mail (worn)
 c - a +0 buckler (worn)
 g - a +0 pair of boots of rampaging (worn)
Jewellery
 o - a ring of magical power
Talismans
 l - a beast talisman
Scrolls
 e - a scroll of enchant weapon {unknown}
 h - a scroll of teleportation
 i - a scroll of vulnerability
 k - a scroll of summoning
 m - 2 scrolls of revelation
 s - a scroll of fear {unknown}
 t - a scroll of immolation {unknown}
Potions
 f - 3 potions of curing
 j - a potion of cancellation
 p - a potion of enlightenment


   Skills:
 + Level 3.8 Fighting
 * Level 3.9 Long Blades
 * Level 4.4 Armour
 * Level 4.4 Shields


You had 5 spell levels left.
You didn't know any spells.
Your spell library contained the following spells:

 Spells                   Type           Power      Damage    Failure   Level
 Blink                    Tloc           0%         N/A       88%         2
 Manifold Assault         Tloc           0%         N/A       100%        4


Dungeon Overview and Level Annotations

Branches:
Dungeon (5/15)
 Temple: D:4-7

Annotations:
D:3 1 runed translucent door, Crazy Yiuf
D:4 Edmund


Innate Abilities, Weirdness & Mutations

You have an increased reservoir of magic. (+10% MP)
You shall have no god before yourself.
Your divine heritage dramatically boosts your attributes as you level up.


Message History

The gnoll is moderately wounded.
The gnoll hits you with a +0 club. The gnoll barely misses you.
You slash the gnoll!
You kill the gnoll!
Things that are here:
a +0 club; 5 large rocks You start resting.
Edmund is nearby!
Edmund shouts!
Things that are here:
a +0 club; 5 large rocks
There is a stone staircase leading down, spattered with blood here.
You climb downwards.
There is a stone staircase leading up, spattered with blood here.
There are monsters nearby!
You climb upwards.
Level annotation: Edmund
There is a stone staircase leading down, spattered with blood here.
Edmund hits you with a +4 flail of protection.
You climb downwards.
You block the gnoll's attack.
The gnoll hits you from afar with a +0 halberd!
The gnoll hits you but does no damage. The gnoll closely misses you.
There is a stone staircase leading up, spattered with blood here.
Edmund hits you with a +4 flail of protection.
The gnoll hits you from afar with a +0 spear!
* * * LOW HITPOINT WARNING * * *
The gnoll hits you but does no damage.
The gnoll hits you from afar with a +0 halberd.
* * * LOW HITPOINT WARNING * * *
You climb upwards.
There is a stone staircase leading down, spattered with blood here.
As you read the scroll labelled ORGHYH ITUIME, it crumbles to dust.
It is a scroll of brand weapon.
Your +0 long sword is engulfed in flames!
a - a +0 long sword of flaming (weapon)
Edmund hits you but does no damage.
As you read the scroll of teleportation, it crumbles to dust.
You feel strangely unstable.
Edmund hits you with a +4 flail of protection!
You die...

##..#.##.# .#.......##
.....#....# .....#..###
#......#### #####
##.##.....# ##...#
..........## ###....#
.##....##).###......####
.##....#........@...#..#
......##........(@.....##
...#..#............#....#
.###...............###..#
...........#......###...#
.###..............#####.#
###.........#....#.###..#
.##.........#...........#
...............##....####


You could see Edmund.

Vanquished Creatures
  An ogre (D:5)
  A phantom (D:5)
  A scorpion (D:4)
  2 hounds
  A sleepcap (D:4)
  An orc wizard (D:3)
  Ijyb (D:2)
  5 adders
  A gnoll (D:4)
  A white imp (D:4)
  An ufetubus (D:4)
  4 worms
  2 dart slugs
  4 orcs
  9 bats
  4 endoplasms
  2 giant cockroaches
  10 goblins
  7 hobgoblins
  3 jackals (D:4)
  9 ball pythons
  2 frilled lizards
  9 kobolds
  4 rats
85 creatures vanquished.

Notes
Turn   | Place    | Note
-------+----------+-------------------------------------------
     0 | D:1      | chunkyMonkey the Demigod Fighter began the quest for the
                  | Orb.
     0 | D:1      | Reached XP level 1. HP: 18/18 MP: 3/3
   150 | D:1      | Reached XP level 2. HP: 23/25 MP: 4/4
   743 | D:2      | Reached XP level 3. HP: 19/31 MP: 5/5
  1185 | D:2      | Noticed Ijyb
  1223 | D:2      | Killed Ijyb
  1224 | D:2      | Reached XP level 4. HP: 11/38 MP: 6/6
  2244 | D:3      | Found a runed translucent door.
  2245 | D:3      | Noticed Crazy Yiuf
  2471 | D:3      | Reached XP level 5. HP: 25/45 MP: 7/7
  2934 | D:4      | Noticed Edmund
  3572 | D:5      | Entered Level 5 of the Dungeon
  3679 | D:5      | Noticed an ogre
  3689 | D:5      | Killed an ogre
  3690 | D:5      | Reached XP level 6. HP: 27/52 MP: 8/8
  4208 | D:4      | Slain by Edmund

Illustrated notes

Levels and vault maps discovered:
D:1:      dpeg_arrival_radiant, layout_loops_ring
D:2:      kennysheep_the_goblin_king, layout_basic, dreamdust_wishing_well,
          glass_columns_b
D:3:      layout_loops_ring, mainiacjoe_overflow_alcove_4,
          uniq_crazy_yiuf_cottage
D:4:      layout_cave_pools, grunt_dithmenos_smoke_and_mirrors, uniq_edmund
D:5:      layout_rooms, feat_on_display

Skill      XL: |  1  2  3  4  5 |
---------------+----------------+-----
Long Blades    | 2 3 |  3.9
Armour         | 3 4 |  4.4
Shields        | 3 4 |  4.4
Fighting       | 3 |  3.8

Action                     |  1- 3 |  4- 6 || total
---------------------------+-------+-------++-------
  Melee: Long sword        |   152 |   235 ||   387
  Evoke: Wand              |       |     8 ||     8
    Use: Potion            |       |     6 ||     6
         Scroll            |       |     8 ||     8
 Armour: Scale mail        |    94 |   139 ||   233
  Dodge: Dodged            |    76 |   117 ||   193
  Block: Buckler           |    26 |    71 ||    97

Table legend: (Time is in decaauts)
 A = Elapsed time spent in this place.
 B = Non-inter-level travel time spent in this place.
 C = Inter-level travel time spent in this place.
 D = Time resting spent in this place.
 E = Time spent auto-exploring this place.
 F = Levels seen in this place.
 G = Mean time per level.
                   A        B        C        D        E       F      G
               +--------+--------+--------+--------+--------+-----+--------+
         Total |   4327 |   4250 |     77 |   1467 |   1866 |   5 |  865.4 |
       Dungeon |   4327 |   4250 |     77 |   1467 |   1866 |   5 |  865.4 |
               +--------+--------+--------+--------+--------+-----+--------+

Top non-repeatable levels by time:
     D:3: 1245 daAuts
     D:4: 997 daAuts
     D:2: 805 daAuts
     D:1: 695 daAuts
     D:5: 583 daAuts
